 Dungeon Crawl Stone Soup version 0.29.1-12-g30fa7ad0bf (webtiles) character file.

Game seed: 15521661700216671108

1045 hawla the Firebug (level 8, -1/59 HPs)
             Began as a Meteoran Fire Elementalist on Jan 1, 2023.
             Slain by an orc wizard
             ... wielding a +0 dagger
              (2 damage)
             ... on level 7 of the Dungeon.
             The game lasted 00:05:11 (897 turns).

hawla the Firebug (Meteoran Fire Elementalist)       Turns: 897, Time: 00:05:11

Health: -1/59      AC:  2    Str:  9    XL:     8   Next: 79%
Magic:  9/19       EV: 13    Int: 19    God:
Gold:   102        SH:  0    Dex: 15    Spells: 13/20 levels left

rFire   . . .      SeeInvis .   (no weapon)
rCold   . . .      Faith    .   (no shield)
rNeg    . . .      Spirit   .   a - +0 robe
rPois   .          Reflect  .   (no helmet)
rElec   .          Harm     .   (no cloak)
rCorr   .          Rampage  .   (no gloves)
Will    +....      Clarity  +   (no boots)
Stlth   +.........              (no amulet)
HPRegen 0.19/turn               e - +4 ring of slaying
MPRegen 0.16/turn               (no ring)

@: brilliant, glowing
A: sense surroundings 1, otherworldly, glowing, explore regen, clarity,
evolution 1
a: no special abilities


You were on level 7 of the Dungeon.
You visited 1 branch of the dungeon, and saw 6 of its levels.

You collected 102 gold pieces.

Inventory:

Armour
 a - a +0 robe (worn)
Jewellery
 e - a +4 ring of slaying (left hand)
Wands
 c - a wand of iceblast (11)
Scrolls
 b - a scroll of identify {unknown}
 d - 2 scrolls of teleportation {unknown}
 g - 3 scrolls of enchant weapon {unknown}
Potions
 f - a potion of heal wounds {unknown}


   Skills:
 + Level 1.0 Fighting
 + Level 3.6 Dodging
 - Level 1.4 Stealth
 + Level 6.7 Spellcasting
 + Level 6.1 Conjurations
 + Level 7.3 Fire Magic


You had 13 spell levels left.
You knew the following spells:

 Your Spells              Type           Power      Damage    Failure   Level
a - Foxfire               Conj/Fire      100%       2x1d9     1%          1
b - Scorch                Fire           100%       2d10      1%          2
c - Flame Wave            Conj/Fire      47%        2d12      7%          4

Your spell library contained the following spells:

 Spells                   Type           Power      Damage    Failure   Level
 Conjure Flame            Conj/Fire      47%        6-21      1%          3
 Inner Flame              Hex/Fire       30%        N/A       7%          3
 Passage of Golubria      Tloc           9%         N/A       71%         4
 Silence                  Hex/Air        4%         N/A       96%         5
 Lehudib's Crystal Spear  Conj/Erth      13%        10d5      100%        8


Dungeon Overview and Level Annotations

Branches:
Dungeon (5/15) Zot: 2704
 Temple: D:4-7

Altars:

Shops:
D:4 (

Annotations:
D:7 Pikel


Innate Abilities, Weirdness & Mutations

You passively map a small area around you.
You are easily found by Zot.
You glow in the dark.
You regain HP and MP as you explore.
You possess an exceptional clarity of mind.
You have hidden genetic potential.


Message History

The lemure is moderately wounded.
The flame wave engulfs the lemure!
The lemure is severely wounded.
The flame wave engulfs the lemure!
The lemure is moderately wounded.
The flame wave engulfs Pikel!
Pikel is moderately wounded.
You finish channelling waves of flame.
You hear a shout!
The lemure barely misses you. The lemure misses you.
The lemure barely misses you.
Casting: Flame Wave (dangerous; 7% risk of failure)
Confirm with . or Enter, or press ? or * to list all spells.
Flames lash the lemure.
The lemure is severely wounded.
The lemure's fire resistance burns away.
The lemure barely misses you. The lemure hits you. x3
Unknown command.
Casting: Scorch (safe; 1% risk of failure)
Confirm with . or Enter, or press ? or * to list all spells.
Flames lash the lemure.
The lemure is almost dead.
The lemure's fire resistance burns away.
The lemure hits you.
* * * LOW HITPOINT WARNING * * *
The lemure barely misses you. The lemure hits you!
* * * LOW HITPOINT WARNING * * *
Pikel says, "Hell isn't that bad."
It was a potion of brilliance.
You feel clever all of a sudden. The lemure hits you but does no damage.
The orc wizard misses you. The lemure hits you!
* * * LOW HITPOINT WARNING * * *
Unknown command.
It was a potion of mutation.
You feel extremely strange.
You feel a hidden potential growing inside you.
Your thoughts seem clearer.
The lemure misses you.
The orc wizard hits you with a +0 dagger.
You die...

, , #'######. * * * ,<
#.....[.. , ,
,#.....#........ , *
#.....#....... ,
#....##.....##... ,
#.<..##.....##... , ,,
+....#o5K...##..+#######
##+# #...#5@5.####.#####....
#...##..>#..5.####.####.....
#........'....####.####.....
#........#....####.####.....
#........#..................
#........#########.######'##
#........##...####.#####..>.
#......)......####.#####....
######...##...####.#####....


You could see Pikel, 4 lemures and an orc wizard.

Vanquished Creatures
  A two-headed ogre (D:7)
  A necrophage (D:7)
  A howler monkey (D:7)
  4 hounds
  2 orc priests
  2 iguanas (D:4)
  4 orc wizards
  An adder (D:2)
  7 orcs
  5 ball pythons
  An endoplasm (D:3)
  2 giant cockroaches (D:4)
  5 goblins
  6 hobgoblins
  2 jackals (D:2)
  2 quokkas
  3 frilled lizards
  A rat (D:3)
50 creatures vanquished.

Vanquished Creatures (others)
  70 foxfires
70 creatures vanquished.

Grand Total: 120 creatures vanquished

Notes
Turn   | Place    | Note
-------+----------+-------------------------------------------
     0 | D:1      | hawla the Meteoran Fire Elementalist began the quest for
                  | the Orb.
     0 | D:1      | Reached XP level 1. HP: 14/14 MP: 5/5
    64 | D:2      | Reached skill level 4 in Fire Magic
    64 | D:2      | Reached XP level 2. HP: 20/20 MP: 2/7
    67 | D:2      | Learned a level 2 spell: Scorch
    81 | D:2      | Reached XP level 3. HP: 26/26 MP: 0/8
   195 | D:4      | Reached XP level 4. HP: 29/33 MP: 1/10
   205 | D:4      | Reached skill level 5 in Fire Magic
   223 | D:4      | Reached XP level 5. HP: 32/38 MP: 0/11
   243 | D:4      | Learned a level 4 spell: Flame Wave
   603 | D:4      | Found Esux's Weapon Shop.
   633 | D:5      | Entered Level 5 of the Dungeon
   710 | D:5      | Reached XP level 6. HP: 33/45 MP: 3/13
   770 | D:5      | Reached skill level 5 in Conjurations
   787 | D:5      | You fall into a shaft and drop 2 floors!
   816 | D:7      | Noticed a two-headed ogre
   822 | D:7      | Killed a two-headed ogre
   823 | D:7      | Reached skill level 6 in Fire Magic
   823 | D:7      | Reached XP level 7. HP: 51/51 MP: 6/17
   823 | D:7      | Reached XP level 8. HP: 58/58 MP: 6/18
   845 | D:7      | Reached skill level 7 in Fire Magic
   859 | D:7      | Reached skill level 1 in Fighting
   888 | D:7      | Noticed Pikel
   896 | D:7      | HP: 1/59 [lemure[Pikel] (8)]
   897 | D:7      | Gained mutation: You have hidden genetic potential. [potion
                  | of mutation]
   897 | D:7      | Gained mutation: You possess an exceptional clarity of
                  | mind. [potion of mutation]
   897 | D:7      | Slain by an orc wizard

Illustrated notes

Levels and vault maps discovered:
D:1:      saegor_arrival_simple_a, layout_rooms
D:2:      layout_basic, hellmonk_ecumenical_altar_crossroads
D:3:      layout_loops_ring, lemuel_crystal_altar,
          mainiacjoe_overflow_cross_hatched, serial_shops, shop,
          nicolae_shop_hallway_plus, shop, nicolae_eternal_life, hex_large,
          minmay_misc_feat_rugged, st_stairs_7, lemuel_flame_loot_1,
          uniq_sigmund
D:4:      layout_cave_pools, serial_shops, kennysheep_mini_moat
D:5:      minmay_angry_zag, layout_loops_corners, mainiacjoe_overflow_two_lobes,
          minmay_temple_entry_statues
D:7:      layout_gridville, reono_crystal_passage, uniq_prince_ribbit1,
          uniq_pikel

Skill      XL: |  1  2  3  4  5  6  7  8 |
---------------+-------------------------+-----
Spellcasting   | 3 4 6 |  6.7
Fire Magic     | 4 5 6 7 |  7.3
Dodging        | 3 |  3.6
Conjurations   | 3 5 6 |  6.1
Fighting       | 1 |  1.0
Stealth        | |  1.4

Action                   |  1- 3 |  4- 6 |  7- 9 || total
-------------------------+-------+-------+-------++-------
Melee: Unarmed           |       |    11 |     4 ||    15
       Punch             |       |       |     2 ||     2
 Cast: Foxfire           |    20 |    18 |     3 ||    41
       Scorch            |     6 |    22 |     9 ||    37
       Flame Wave        |       |       |     2 ||     2
  Use: Potion            |       |     3 |     2 ||     5
Armor: Robe              |     2 |     8 |     2 ||    12
Dodge: Dodged            |     6 |    17 |     9 ||    32
